Cogmind - Beta 13 @@@ ROGUE MODE // 2024.04.04 @ 22:55:44 Player: Jellyman Result: Destroyed by Y-45 Defender with Heavy Assault Rifle Performance ------------- Evolutions (1) 500 Regions Visited (2) 400 Robots Destroyed (22) 110 Value Destroyed (563) 563 Prototype IDs (0) 0 Alien Tech Used (0) 0 Bonus (0) 0 TOTAL SCORE: 1573 Bonus ------- None Cogmind --------- Core Integrity 0/400 Matter 110/300 Energy 237/240 System Corruption 0% Temperature Cool (17) Movement Walking (190) Ox1 Location -9/Materials Parts ------- > --- POWER (1) -------- Nuclear Core > --- PROPULSION (3) --- Improved Aluminum Leg Improved Aluminum Leg > --- UTILITY (3) ------ Large Storage Unit Signal Interpreter Terrain Scan Processor > --- WEAPON (2) ------- Spread Laser Shotgun > --- INVENTORY (15) --- Medium Matter Pod (91) Heavy Assault Rifle Grenade Launcher Peak State ------------ > --- POWER ------------ Nuclear Core > --- PROPULSION ------- Aluminum Leg Aluminum Leg Improved Aluminum Leg > --- UTILITY ---------- Small Storage Unit Signal Interpreter Terrain Scan Processor > --- WEAPON ----------- Shotgun Axe > --- INVENTORY -------- Nuclear Core Light Treads Light Treads Medium Matter Pod Spread Laser Shotgun Shotgun Grenade Launcher [Rating: 17] Favorites ----------- Power Ion Engine Engine Ion Engine Power Core Nuclear Core Propulsion Aluminum Leg Leg Aluminum Leg Utility Signal Interpreter Storage Small Storage Unit Processor Signal Interpreter Weapon EM Pulse Gun Energy Gun EM Pulse Gun Ballistic Gun Shotgun Launcher Grenade Launcher Impact Weapon Flail Slashing Weapon Axe Build | -11 -10 -9 ------- Run | Yrd Mat Mat Slots Evolved 2 | . . 2 Power . | . . . Propulsion 1 | . . 1 Utility 1 | . . 1 Weapon . | . . . Parts Attached 28 | 5 2 21 Power 3 | 1 . 2 Engine 1 | 1 . . Core 2 | . . 2 Reactor . | . . . Propulsion 9 | 2 . 7 Treads . | . . . Leg 9 | 2 . 7 Wheel . | . . . Hover . | . . . Flight . | . . . Utility 4 | 1 1 2 Device . | . . . Storage 2 | 1 . 1 Processor 2 | . 1 1 Hackware . | . . . Protection . | . . . Artifact . | . . . Weapon 12 | 1 1 10 Energy Gun 4 | 1 . 3 Energy Cannon . | . . . Ballistic Gun 5 | . 1 4 Ballistic Cannon . | . . . Launcher 1 | . . 1 Special Weapon . | . . . Impact Weapon 1 | . . 1 Slashing Weapon 1 | . . 1 Piercing Weapon . | . . . Special Melee Weapon . | . . . Unidentified Prototypes . | . . . Parts Lost 9 | . . 9 Power 1 | . . 1 Propulsion 6 | . . 6 Utility . | . . . Weapon 2 | . . 2 Highest Loss Streak 5 | . . 5 To Critical Strikes 1 | . . 1 Average Slot Usage (%) 94 | . 92 95 Engine 7 | . 14 3 Core 4 | . . 7 Leg 29 | . 28 30 Storage 12 | . 14 11 Processor 17 | . 10 20 Energy Gun 9 | . 14 7 Ballistic Gun 10 | . 10 10 Launcher 1 | . . 1 Slashing Weapon 1 | . . 2 Naked Turns . | . . . Heaviest Build 33 | 12 14 33 Greatest Support 39 | 20 20 39 Greatest Overweight (x) 1 | . . 1 Average Overweight (x) . | . . . Largest Inventory Capacity 15 | 8 8 15 Average Capacity 9 | 6 8 10 Most Carried 8 | 5 8 8 Average Carried 5 | 3 6 5 Final Capacity 15 | 8 8 15 Final Carried 8 | 5 8 3 Class Distribution -------------------- 100% | Mutant Dominant Class ---------------- Mutant | -10/Materials Mutant | -9/Materials Resources | -11 -10 -9 ----------- Run | Yrd Mat Mat Matter Collected 649 | 250 172 227 Remotely . | . . . Salvage Created 643 | . 167 476 Parts 53 | . 19 34 Haulers Intercepted . | . . . Recyclers Shooed . | . . . Parts Field Recycled . | . . . Retrieved Matter . | . . . Parts Self-Destructed . | . . . Prevented . | . . . Kills | -11 -10 -9 ------- Run | Yrd Mat Mat Combat Hostiles Destroyed 19 | . 6 13 Guns 15 | . 5 10 AOE 4 | . 1 3 Classes Destroyed 5 | . 3 2 Mechanic 1 | . . 1 Watcher 2 | . 1 1 Swarmer 9 | . 5 4 Grunt 5 | . 1 4 Sentry 5 | . . 5 Best Kill Streak 6 | . 4 6 Combat Bots Only 5 | . 3 5 Max Kills in Single Turn 2 | . 1 2 Gunslinging . | . . . Exploded 1 | . 1 1 Melee . | . . . Uniques/NPCs Destroyed . | . . . Combat | -11 -10 -9 -------- Run | Yrd Mat Mat Hostile Shots Fired 176 | . 22 154 Missed 51 | . 5 46 Damage Taken 1732 | . 213 1519 Core 429 | . 16 413 Absorbed by Shields . | . . . Core Remaining (%) 96 | 100 93 . Volleys Fired 60 | . 16 44 Largest 2 | . 2 2 Hottest 88 | . 60 88 Shots Fired 92 | . 32 60 Gun 84 | . 32 52 Cannon . | . . . Launcher 8 | . . 8 Special . | . . . Kinetic 54 | . 16 38 Thermal 14 | . . 14 Explosive 8 | . . 8 Electromagnetic 16 | . 16 . Robot Hit Streak 15 | . 11 15 Robot Miss Streak 8 | . 3 8 Penetration Max . | . . . Secondary Targets 1 | . . 1 Max Gunslinging Chain 1 | . . 1 Shots Hit Robots 62 | . 20 42 Core Hits 43 | . 8 35 Critical Kills 2 | . . 2 Critical Parts Destroyed . | . . . Critical Strikes 2 | . . 2 Destroy 2 | . . 2 Melee Attacks 1 | . . 1 Impact . | . . . Slashing 1 | . . 1 Piercing . | . . . Sneak Attacks . | . . . Combat Hostiles . | . . . Follow-up Attacks . | . . . Damage Inflicted 1139 | . 367 772 Guns 802 | . 252 550 Cannons . | . . . Explosions 324 | . 115 209 Melee . | . . . Ramming 13 | . . 13 Kinetic 540 | . 123 417 Thermal 248 | . 115 133 Explosive 209 | . . 209 Electromagnetic 129 | . 129 . Impact . | . . . Slashing . | . . . Piercing . | . . . Highest Corruption . | . . . Average Corruption . | . . . Corruption Purged . | . . . Corruption Blocked . | . . . Overload Shots . | . . . Overflow Damage 27 | . . 27 Projectiles . | . . . Explosions 27 | . . 27 Melee . | . . . Knockbacks . | . . . Impact . | . . . Kinetic . | . . . Secondary . | . . . Self-Inflicted Damage 196 | . 48 148 Shots 5 | . 1 4 Rammed . | . . . Targets Rammed 1 | . . 1 Kicked 1 | . . 1 Crushed . | . . . Highest Temperature 145 | . 48 145 Average Temperature 45 | . 30 47 Received Heat Transfer 609 | . 36 573 Siege Activations . | . . . Robots Corrupted . | . . . Combat Hostiles . | . . . Parts Fried . | . . . Impact Corruptions . | . . . Robots Melted . | . . . Combat Hostiles . | . . . Parts Melted . | . . . Heat Transferred 270 | . 100 170 Parts Sabotaged . | . . . Parts Stolen . | . . . Parts Stripped . | . . . Power Chain Reactions 1 | . 1 . Alert | -11 -10 -9 ------- Run | Yrd Mat Mat Peak Influence 239 | . 239 180 Initial 100 | . . 100 Average 90 | . 102 91 Maximum Alert Level 1 | . 1 . Low Security (%) 92 | 100 77 100 Level 1 7 | . 22 . Level 2 . | . . . Level 3 . | . . . Level 4 . | . . . Level 5 . | . . . High Security . | . . . Max Security . | . . . Squads Dispatched 3 | . 1 2 Investigation 1 | . . 1 Extermination . | . . . Reinforcement 2 | . 1 1 Assault . | . . . Garrison . | . . . Intercept . | . . . Searches Triggered . | . . . Construction Impeded 1 | . . 1 Haulers Reinforced . | . . . Active Scanning Responses . | . . . Cargo Convoy Interrupts . | . . . Stealth | -11 -10 -9 --------- Run | Yrd Mat Mat Distress Signals 4 | . . 4 Communications Jammed . | . . . Distress Signals . | . . . Times Spotted 30 | . 10 20 Peak Tracking Total 7 | . 3 7 Tactical Retreats 2 | . 2 . Traps | -11 -10 -9 ------- Run | Yrd Mat Mat Traps Triggered 1 | . . 1 Indirectly . | . . . Trap Hack Attempts . | . . . Triggered . | . . . Disarmed . | . . . Reprogrammed . | . . . Reused . | . . . Traps Extracted . | . . . Installed . | . . . Triggered . | . . . Machines | -11 -10 -9 ---------- Run | Yrd Mat Mat Machines Disabled 2 | . 1 1 Max in Single Turn 1 | . 1 1 Machines Repaired . | . . . Machines Dismantled . | . . . Machines Sabotaged . | . . . Overloaded Fab Kills . | . . . Hacking | -11 -10 -9 --------- Run | Yrd Mat Mat Machines Accessed 8 | . 6 2 Terminals 8 | . 6 2 Fabricators . | . . . Repair Stations . | . . . Recycling Units . | . . . Scanalyzers . | . . . Garrison Access . | . . . Total Hacks 19 | . 16 3 Successful 14 | . 11 3 Failed 5 | . 5 . Catastrophic . | . . . Database Lockouts . | . . . Manual . | . . . Terminals 19 | . 16 3 Fabricators . | . . . Repair Stations . | . . . Recycling Units . | . . . Scanalyzers . | . . . Garrison Access . | . . . Terminal Hacks 14 | . 11 3 Record 1 | . 1 . Robot Analysis 1 | . 1 . Emergency Access Points 2 | . 2 . Alert Level 1 | . . 1 Unreport Threat 1 | . . 1 Locate Traps 4 | . 4 . Investigation Status 1 | . 1 . Recall Investigation 1 | . 1 . Zone Layout 2 | . 1 1 Fabricator Hacks . | . . . Repair Station Hacks . | . . . Recycling Unit Hacks . | . . . Scanalyzer . | . . . Garrison Access Hacks . | . . . Unauthorized Hacks . | . . . Terminals . | . . . Fabricators . | . . . Repair Stations . | . . . Recycling Units . | . . . Scanalyzers . | . . . Garrison Access . | . . . Data Cores Recovered . | . . . Used . | . . . Hacking Detections 4 | . 4 . Full Trace Events . | . . . Feedback Events . | . . . Feedback Blocked . | . . . Robot Schematics Acquired . | . . . Robots Built . | . . . Authchips . | . . . Time . | . . . Total Robot Build Rating . | . . . Part Schematics Acquired . | . . . Parts Built . | . . . Authchips . | . . . Time . | . . . Total Part Build Rating . | . . . Parts Repaired . | . . . Time . | . . . Parts Recycled . | . . . Recycled Matter . | . . . Retrieved Matter . | . . . Retrieved Components . | . . . Parts Scanalyzed . | . . . Part Schematics Acquired . | . . . Parts Damaged . | . . . Bothacking | -11 -10 -9 ------------ Run | Yrd Mat Mat Used RIF Installer . | . . . Robots Hacked . | . . . Non-combat . | . . . Combat . | . . . Robot Hacks Applied . | . . . Relay Couplers Released . | . . . Fabnet Peak Effective % . | . . . Robots Rewired . | . . . Allies Hacked . | . . . Hacks Repelled . | . . . Allies | -11 -10 -9 -------- Run | Yrd Mat Mat Total Allies . | . . . Largest Group . | . . . Highest-Rated Group . | . . . Highest-Rated Ally . | . . . Total Orders . | . . . Ally Attacks . | . . . Total Damage . | . . . Kills . | . . . Allies Corrupted . | . . . Allies Melted . | . . . Intel | -11 -10 -9 ------- Run | Yrd Mat Mat Robot Analysis Total 1 | . 1 . Derelict Logs Recovered . | . . . Drone Launches . | . . . Drone Recoveries . | . . . Exploration | -11 -10 -9 ------------- Run | Yrd Mat Mat Turns Passed 1089 | 60 364 665 Spaces Moved 666 | 43 250 373 Core 8 | 8 . . Treads . | . . . Legs 658 | 35 250 373 Wheels . | . . . Hover . | . . . Flight . | . . . Fastest Speed 50 | 50 120 120 Average Speed 123 | 106 120 126 Slowest Speed 190 | 120 120 190 Overloaded Moves . | . . . Propulsion Burnouts . | . . . Robots Hopped . | . . . Cave-ins Triggered . | . . . Exploration Rate (%) 41 | 4 70 49 Regions Visited 2 Branch Regions . Pre-discovered Areas . | . . . Known Exits Taken 1 | . 1 . Unknown Exits Taken 1 | 1 . . Scrap Searched . | . . . Spaces Dug . | . . . Terrain Destroyed 46 | . 2 44 Melee . | . . . Projectile . | . . . AOE 46 | . 2 44 Terrain Rammed . | . . . Walls Destroyed . | . . . Machines Disabled . | . . . Actions | -11 -10 -9 --------- Run | Yrd Mat Mat Total 844 | 57 282 505 Wait 46 | . 8 38 Move 664 | 42 249 373 Hop . | . . . Pick Up 30 | 10 6 14 Fast Attach 3 | . . 3 Attach 15 | 5 2 8 Detach . | . . . Swap 10 | . . 10 Drop 14 | . 1 13 Fire 60 | . 16 44 Melee 1 | . . 1 Ram . | . . . Kick 1 | . . 1 Crush . | . . . Escape Stasis . | . . . Rewire . | . . . Trap . | . . . Miscellaneous . | . . . Route ------- -11/Scrapyard -10/Materials (discovered 2 exits: *Mat / [*Min]) -9/Materials (discovered 1 exit: [Min]) History --------- Turn | Location | Event 7 | -11/Scrapyard | Discovered new exit (range 14) 61 | -11/Scrapyard | Entered Materials 228 | -10/Materials | Discovered new exit (range 9) 313 | -10/Materials | Build established: Mutant 403 | -10/Materials | Discovered new exit (range 16) 424 | -10/Materials | Identified exit to Materials 425 | -10/Materials | Entered another Materials area 425 | -9/Materials | Evolved 2 slots: Propulsion x1, Utility x1 796 | -9/Materials | Core integrity fell below 50% 834 | -9/Materials | Lost 5 parts (1p3n1w) 1062 | -9/Materials | Discovered new exit (range 20) 1065 | -9/Materials | Core integrity fell below 20% 1090 | -9/Materials | Destroyed by Y-45 Defender with Heavy Assault Rifle Last Messages --------------- 01014_ R-06 Scavenger collects Lgt. Assault Rifle. 01016_ R-06 Scavenger collects Flight Unit. 01019_ R-06 Scavenger collects Lgt. Assault Rifle. 01020_ R-06 Scavenger collects Lgt. Ion Engine. 01035_ R-06 Scavenger inserts Flight Unit into recycling unit. 01038_ R-06 Scavenger inserts Lgt. Assault Rifle into recycling unit. 01041_ R-06 Scavenger inserts Lgt. Ion Engine into recycling unit. 01047_ Acquired 13 matter. 01052_ K-01 Serf collects debris. 01062_ Connecting with Terminal... 01062_ EXIT=FOUND >>Layout(Zone) Retrieving Zone 3U layout... Downloaded map data. 01063_ K-01 Serf collects debris. Map ----- +----------------------------------------------------+ | ?????????????????????????????????????????????????? | | ?????????????????????????????????????????????????? | | ?????????????????????????????????????????????????? | | ?????????????????????????????????????????????????? | | ?????????????????????????????????????????????????? | | ?????????????????????????????????????????????????? | | ?????????????????????????????????????????????????? | | ?????????????????????????????????????????????????? | | ???????????????????????####### #???????????????? | | ?????????????????????????????# #???????????????? | | ???????????????????????#####?# ################# | | ??????????????????????? #?# # ## | | ???????????????????????""" #?# # ## """" | | ???????????????????????""" #?# # ## """" | | ???????????????????????""" #?# # ## """" | | ??????????????????????? #?# # ## """" | | ???????????????????????""" #?# # ## """" | | ???????????????????????""" #?# # ## """" | | ???????????????????????""" #?# # ## """" | | ??????????????????????? #?# # ## | | ????????????????????###+###### #####+#########+# | | ???????????##+####### ### ##### | | ??????????? Y w | | ?????????? T % | | ?????????? k % !! | | ?????????? @#######"## #####% !! | | ?????????? k ##??# #######???# !! | | ?????????? #???# # """ ##### | | ???????????######+#### #???# # "R" # | | ?????????????????????# #???# # " " + | | ?????????????????????# ##### = # # | | ????????????????????? "## | # ###+##### | | ????????????????????# ? ""## | # # | | ????????????????????# ? ######## # """ | | ????????????????????#??< ""#??????# """ # """"" | | ??????????????????????? #??????# """ # """"" | | ??????????????????????? ""#??????# """ # """"" | | ??????????????????????? "#??????# # """ | | ??????????????????????? ########### # | | ?????????????????????????????????????????# | | ??########???????????????????????????????# ! | | ??# T #???????????? ????????????????######### | | ### = #???????????? ????????????????????????? | | ## """#???????????? ????????????????????????? | | ## """#???????????# ######?????######???????? | | + = """#??????????## #???? | ???????? | | # #??????????#" = #???? ???????? | | ####+###?????????##T T #????? ###????? | | #???#######?# #?????"" # ###?? | | #???# #### ! # ???"" # ##? | +----------------------------------------------------+ Best States ------------- Heat Dissipation 28 Energy Generation 14 Energy Capacity 250 Matter Stores 300 Matter Capacity 300 Sight Range 16 Terrain Scan Density 85 Evasion (%) 55 Item Schematics ----------------- None Robot Schematics ------------------ None Fabricated ------------ Nothing Alien Tech Used ----------------- None Achievements -------------- None Challenges ------------ None Game ------ Seed ReflectiveThunderBoomstick Manual? 0 Play Time 00:14:21 Cumulative 7.6 hours Start 2024.04.04 @ 22:43:23 End 2024.04.04 @ 22:55:44 Sessions 1 Manual Loads 0 Difficulty Rogue Special Mode None Game No. 20 Rogue 20 Adventurer 0 Explorer 0 Win Type - Total 0 Types 0/0/0/0/0/0/0/0/0 Lore% 5 Gallery% 14 Achievement% 11 Wizard Run 0 Options --------- Layout 2 ASCII 0 Keyboard 0 Movement Mouse Keybinds 0 Fullscreen 2 Font 24/Smallcaps Map View 50x44 Zoom Use 0% Tactical HUD 1 Map Filters NONE Filters NONE Steam 1 RUN: 9c10f0da-10f0-4950-b7d0-93c3e503ca0c